 Dungeon Crawl Stone Soup version 0.26.1-11-gd32895ea62 (webtiles) character file.

Game seed: 1321282155843092938

53 ubername the Vexing (level 3, 0/26 HPs)
             Began as a Barachi Enchanter on July 7, 2021.
             Succumbed to an adder's poison
             ... on level 2 of the Dungeon.
             The game lasted 00:04:16 (2118 turns).

ubername the Vexing (Barachi Enchanter)             Turns: 2118, Time: 00:04:16

Health: 0/26       AC:  2    Str:  9    XL:     3   Next: 89%
Magic:  6/6        EV: 12    Int: 16    God:
Gold:   38         SH:  0    Dex: 12    Spells: 4/7 levels left

rFire    . . .     SeeInvis .   a - +1 dagger
rCold    . . .     Faith    .   (no shield)
rNeg     . . .     Spirit   .   b - +0 robe
rPois    .         Reflect  .   (no helmet)
rElec    .         Harm     .   (no cloak)
rCorr    .         Rampage  .   (no gloves)
Will     .....                  (no boots)
Stlth    ++........             (no amulet)
HPRegen  0.08/turn              (no ring)
MPRegen  0.10/turn              (no ring)

@: lethally poisoned (0 -> -10), slow
A: +LOS, swims, slowness 1, strong legs 1
a: Hop


You were on level 2 of the Dungeon.
You visited 1 branch of the dungeon, and saw 2 of its levels.

You collected 38 gold pieces.

Inventory:

Hand Weapons
 a - a +1 dagger (weapon)
Missiles
 c - 19 sling bullets
 e - 100 stones (quivered)
Armour
 b - a +0 robe (worn)
Jewellery
 k - a +4 ring of evasion {unknown}
Scrolls
 d - 2 scrolls of identify
 j - a scroll of teleportation {unknown}
 l - a scroll of amnesia {unknown}
Potions
 f - a potion of resistance
 h - a potion of haste
 i - a potion of curing


   Skills:
 + Level 1.1 Fighting
 + Level 1.4 Short Blades
 + Level 0.7 Throwing
 + Level 2.5 Dodging
 + Level 2.9 Stealth
 + Level 2.6 Spellcasting
 + Level 3.7 Hexes
 + Level 1.1 Ice Magic


You had 4 spell levels left.
You knew the following spells:

 Your Spells              Type           Power        Failure   Level
a - Corona                Hex            14%          4%          1
b - Ensorcelled Hibernat  Hex/Ice        18%          11%         2

Your spell library contained the following spells:

 Spells                   Type           Power        Failure   Level
 Confusing Touch          Hex            13%          13%         3
 Tukima's Dance           Hex            13%          13%         3
 Dazzling Flash           Conj/Hex       16%          26%         3


Dungeon Overview and Level Annotations

Branches:
Dungeon (2/15)

Altars:


Innate Abilities, Weirdness & Mutations

You can be seen from farther away. (+LOS)
You can swim through water.
You cover ground slowly.
You can hop short distances.


Message History

* * * LOW HITPOINT WARNING * * *
The bat hits you but does no damage. The adder closely misses you.
You barely miss the adder.
The adder is severely wounded.
* * * LOW HITPOINT WARNING * * *
You feel sick. The bat hits you.
* * * LOW HITPOINT WARNING * * *
The adder barely misses you.
You hit the adder.
The adder is almost dead.
* * * LOW HITPOINT WARNING * * *
You feel sick. The bat barely misses you.
The adder bites you but does no damage.
You hit the adder.
You kill the adder!
* * * LOW HITPOINT WARNING * * *
You feel sick. The bat hits you.
* * * LOW HITPOINT WARNING * * *
Your Fighting skill increases to level 1!
You die...

..#...............#.#####
..#............#..#.....
...............#......# #
...........######.#.#.#.#
).......................#
...รท..............#.#...#
......................?#
..#########....b.......#
..# #.....@....(.# ..#
#..........(.# ###
#............#
##############


You could see a bat.

Vanquished Creatures
  2 adders (D:2)
  2 worms (D:2)
  A leopard gecko (D:1)
  3 goblins
  3 hobgoblins
  3 jackals (D:2)
  A quokka (D:2)
  A ball python (D:1)
  6 bats
  3 frilled lizards
  A kobold (D:1)
  5 rats
31 creatures vanquished.

Notes
Turn   | Place    | Note
-------+----------+-------------------------------------------
     0 | D:1      | ubername the Barachi Enchanter began the quest for the Orb.
     0 | D:1      | Reached XP level 1. HP: 13/13 MP: 3/3
   776 | D:1      | Reached XP level 2. HP: 19/19 MP: 1/5
  1505 | D:2      | Learned a level 2 spell: Ensorcelled Hibernation
  1640 | D:2      | Reached XP level 3. HP: 24/24 MP: 0/6
  1840 | D:2      | Reached skill level 1 in Ice Magic
  2117 | D:2      | HP: 1/24 [bat (1)]
  2118 | D:2      | Reached skill level 1 in Fighting
  2118 | D:2      | Succumbed to an adder's poison

Illustrated notes

Levels and vault maps discovered:
D:1:      ncdulo_watergridlock, layout_basic
D:2:      layout_basic, gammafunk_temple_overflow_elements,
          evilmike_ruin_ashenzari, serial_glass, glass_columns_b,
          glass_columns_a, glass_columns_a, glass_columns_a,
          uniq_crazy_yiuf_cottage

Skill      XL: |  1  2  3 |
---------------+----------+-----
Ice Magic      | 1 |  1.1
Fighting       | 1 |  1.1
Short Blades   | |  1.4
Throwing       | |  0.7
Dodging        | |  2.5
Stealth        | |  2.9
Spellcasting   | |  2.6
Hexes          | |  3.7

Action                   || total
-------------------------++-------
Melee: Dagger            ||   114
Throw: Boomerang         ||    37
       Stone             ||     3
 Cast: Corona            ||    19
       Ensorcelled Hiber ||     5
  Use: Potion            ||     1
       Scroll            ||     2
 Stab: Sleeping          ||     2
Armor: Robe              ||    29
Dodge: Dodged            ||    94
